AoeStats
← Suchlikepizza21

Arena

509847563Analyzed
1v1 RM · 4d ago on Sep 28, 2026· 41m 51s· 2 players
Game mode
Random Map
Map size
Tiny (2 player)
Population
200
Speed
Normal
Resources
Standard
Victory
Conquest
Starting age
Dark Age
Ending age
Imperial Age
RankedLock teamsTeams togetherTeam positionsShared explorationLock speedFull tech treeHidden civsTurbo modeCheats
Victory
Defeat
🇨🇳 Burgundians · China
978
+15
🇦🇺 Britons · Australia
955
-44
Suchlikepizza21
3:28 Loom
4:08 Loom
4:37 Loom
5:26 Loom
6:33 Loom
7:01 Loom
13:31 Feudal Age
14:39 Double-Bit Axe
16:34 Horse Collar
24:06 Scale Barding Armor
26:33 Gold Mining
26:37 Fletching
31:00 Castle Age
29:41 Wheelbarrow
31:04 Padded Archer Armor
31:19 Crossbowman
1993520000
4:36 Double-Bit Axe
8:37 Horse Collar
10:44 Feudal Age
9:28 Stone Mining
9:46 Gold Mining
15:50 Wheelbarrow
18:36 Castle Age
17:44 Bow Saw
18:20 Heavy Plow
19:07 Forging
19:02 Scale Barding Armor
28:34 Imperial Age
27:49 Crop Rotation
28:04 Hand Cart
27:34 Town Watch
29:37 Iron Casting
29:22 Chain Barding Armor
29:54 Gold Shaft Mining
29:57 Stone Shaft Mining
30:53 Cavalier
31:34 Husbandry
34:29 Blast Furnace
34:04 Plate Barding Armor
34:33 Two-Man Saw
33:41 Scale Mail Armor
33:41 Padded Archer Armor
34:27 Town Patrol
34:13 Loom
34:20 Fletching
36:19 Chemistry
35:40 Ballistics
35:00 Treadmill Crane
35:16 Murder Holes
35:07 Arrowslits
35:33 Masonry
34:45 Light Cavalry
34:47 Pikeman
35:27 Squires
35:12 Arson
36:14 Conscription
35:32 Elite Skirmisher
35:33 Crossbowman
37:22 Chain Mail Armor
36:30 Paladin
36:30 Hussar
37:07 Man-at-Arms
37:07 Halberdier
37:58 Guard Tower
38:19 Fortified Wall
38:49 Leather Archer Armor
38:29 Bodkin Arrow
38:42 Burgundian Vineyards
39:12 Hoardings
38:02 Spies/Treason
38:57 Redemption
38:48 Atonement
38:58 Fervor
39:04 Block Printing
39:14 Illumination
38:50 Devotion
39:11 Sanctity
38:46 Herbal Medicine
40:35 Plate Mail Armor
39:27 Long Swordsman
41:03 Architecture
40:54 Bombard Tower
41:12 Hoardings
39:58 Elite Coustillier
40:27 Capped Ram
40:56 Onager
Connection lost

Rejoining the realm…

Still unreachable

The connection could not be restored.

Session expired

The server has moved on; the page needs a fresh start.